 Dungeon Crawl Stone Soup version 0.26-b1-59-ge38874ec40 (webtiles) character file.

Game seed: 9598583499798040264

6344 raceaflais the Carver (level 10, -4/89 HPs)
             Began as a Palentonga Fighter on Jan 8, 2021.
             Was a Believer of Yredelemnul.
             Slain by a troll (8 damage)
             ... on level 9 of the Dungeon.
             The game lasted 00:24:49 (19849 turns).

raceaflais the Carver (Palentonga Fighter)         Turns: 19849, Time: 00:24:50

Health: -4/89      AC: 20    Str: 23    XL:     10   Next: 64%
Magic:  0/10       EV:  8    Int:  9    God:    Yredelemnul [**....]
Gold:   483        SH: 10    Dex:  9    Spells: 9/9 levels left

rFire    x . .     SeeInvis +   a - +1 long sword
rCold    + + .     Faith    .   c - +0 kite shield
rNeg     . . .     Spirit   +   w - +1 ice dragon scales
rPois    .         Reflect  .   (no helmet)
rElec    .         Harm     .   y - +0 cloak
rCorr    .         Rampage  .   (no gloves)
Will     .....                  (no barding)
Stlth    +.........             q - amulet of guardian spirit
HPRegen  0.24/turn              g - ring of stealth
MPRegen  0.12/turn              (no ring)

@: curled up
A: large, rugged brown scales 3, see invisible, deformed body, roll 1, armoured
tail, reflexive curl
a: Rolling Charge, Renounce Religion, Animate Remains, Recall Undead Slaves,
Injury Mirror


You were on level 9 of the Dungeon.
You worshipped Yredelemnul.
Yredelemnul was pleased with you.
You visited 1 branch of the dungeon, and saw 11 of its levels.

You collected 483 gold pieces.

Inventory:

Hand Weapons
 a - a +1 long sword (weapon)
 e - a +6 scythe of freezing
 t - a +4 quarterstaff of chaos
Armour
 c - a +0 kite shield (worn)
 w - +1 ice dragon scales (worn)
 y - a +0 cloak (worn)
Jewellery
 g - a ring of stealth (left hand)
 q - an amulet of guardian spirit (around neck)
Wands
 b - a wand of flame (10)
 k - a wand of polymorph (1)
 m - a wand of acid (14)
 s - a wand of paralysis (5)
 z - a wand of disintegration (13)
Scrolls
 f - 10 scrolls of identify
 i - 2 scrolls of magic mapping
 j - a scroll of amnesia
 o - a scroll of immolation
 p - 5 scrolls of remove curse
 r - a scroll of noise
Potions
 d - 4 potions of ambrosia
 h - 2 potions of attraction
 l - a potion of cancellation


   Skills:
 + Level 6.6 Fighting
 + Level 9.3 Long Blades
 + Level 7.9 Armour
 + Level 3.1 Dodging
 + Level 1.0 Stealth
 + Level 6.0 Shields
 + Level 0.1 Unarmed Combat
 + Level 1.5 Evocations


You had 9 spell levels left.
You didn't know any spells.
Your spell library contained the following spells:

 Spells                   Type           Power        Failure   Level
 Corona                   Hex            0%           90%         1
 Freeze                   Ice            0%           90%         1
 Shock                    Conj/Air       0%           90%         1
 Sting                    Tmut/Pois      0%           90%         1
 Ensorcelled Hibernation  Hex/Ice        0%           97%         2
 Poisonous Vapours        Pois/Air       0%           97%         2
 Swiftness                Air            0%           97%         2
 Confusing Touch          Hex            0%           99%         3
 Dazzling Flash           Conj/Hex       0%           99%         3
 Frozen Ramparts          Ice            0%           99%         3
 Gell's Gravitas          Tloc           0%           99%         3
 Ignite Poison            Fire/Tmut/Pois 0%           99%         3
 Mephitic Cloud           Conj/Pois/Air  0%           99%         3
 Ozocubu's Armour         Ice            0%           99%         3
 Static Discharge         Conj/Air       0%           99%         3
 Tukima's Dance           Hex            0%           99%         3
 Airstrike                Air            0%           100%        4
 Hailstorm                Conj/Ice       0%           100%        4
 Olgreb's Toxic Radiance  Pois           0%           100%        4
 Petrify                  Tmut/Erth      0%           100%        4
 Summon Ice Beast         Ice/Summ       0%           100%        4
 Lightning Bolt           Conj/Air       0%           100%        5
 Metabolic Englaciation   Hex/Ice        0%           100%        5
 Yara's Violent Unravell  Hex/Tmut       0%           100%        5


Dungeon Overview and Level Annotations

Branches:
Dungeon (11/15)
 Temple: D:4-7         Lair: D:8-11         Orc: D:9-12

Altars:
Dithmenos
Sif Muna
Yredelemnul

Annotations:
D:4 1 runed translucent door, raceaflais's ghost, amateur MiBe


Innate Abilities, Weirdness & Mutations

You are completely covered in rugged brown scales. (AC +3, +7% HP)
You have supernaturally acute eyesight. (SInv)
Armour fits poorly on your strangely shaped body.
You can roll at nearby foes to attack.
You have a long armoured tail.
You curl defensively after being hit.


Message History

Your tail-slap misses the two-headed ogre.
The two-headed ogre is lightly wounded.
The two-headed ogre misses you.
There is a stone staircase leading up, spattered with blood here.
There are no items here.
You can't go down here!
The troll bites you!
* * * LOW HITPOINT WARNING * * *
The troll claws you but does no damage. x2
The yak gores you but does no damage.
You climb upwards.
There is a stone staircase leading down here.
You block the two-headed ogre's attack.
The two-headed ogre hits you with a +0 giant spiked club.
* * * LOW HITPOINT WARNING * * *
The yak gores you!
* * * LOW HITPOINT WARNING * * *
The troll barely misses you. The troll claws you!
You die...
Your body rises from the dead as a mindless zombie.

####### ######## ......#
#......# ......# ### #......#
......####.# #......#
...........# #......#
.......###.# #......###########
..####.###.###.O@T............#
.................Y.########.#.#
............[.................#
..[..#..................####..#
.....###......#####.########..#
.....# ####.#####.......##....#
.....#####............####....#
......#..####........###......#
#.....#....###.....####.......#


You could see a two-headed ogre, a yak and a troll.

Vanquished Creatures
  Maurice (D:9)
  Sigmund (D:3)
  11 yaks
  A basilisk (D:10)
  2 wraiths
  Edmund (D:6)
  3 black bears
  2 orc warriors (D:8)
  3 ice beasts
  2 sky beasts
  An eye of draining (D:8)
  4 ogres
  A phantom (D:7)
  3 centaurs
  Blork the orc (D:4)
  A big kobold (D:7)
  4 bullfrogs
  3 scorpions
  5 killer bees (D:10)
  2 howler monkeys
  A bullfrog zombie (D:5)
  An electric eel (D:9)
  2 hounds
  2 jellies
  Crazy Yiuf (D:6)
  A bullfrog skeleton (D:10)
  An orc priest (D:3)
  A centaur skeleton (D:8)
  Ijyb (D:3)
  Terence (D:2)
  4 iguanas
  4 worker ants
  14 orc wizards
  A hound zombie (D:6)
  2 hound skeletons
  A worker ant zombie (D:5)
  7 adders
  3 gnolls (D:3)
  A howler monkey skeleton (D:8)
  2 shadow imps (D:8)
  A white imp (D:6)
  An ufetubus (D:6)
  2 oozes
  An adder skeleton (D:5)
  2 worms
  2 dart slugs (D:1)
  4 leopard geckos
  23 orcs
  16 bats
  5 giant cockroaches
  8 goblins
  5 hobgoblins (D:2)
  14 jackals
  8 kobolds
  4 quokkas
  5 ball pythons
  5 frilled lizards
  10 rats
219 creatures vanquished.

Vanquished Creatures (others)
  2 bushes (D:10)
  7 fungi (D:10)
  25 plants (D:10)
34 creatures vanquished.

Grand Total: 253 creatures vanquished

Notes
Turn   | Place    | Note
-------+----------+-------------------------------------------
     0 | D:1      | raceaflais the Palentonga Fighter began the quest for the
                  | Orb.
     0 | D:1      | Reached XP level 1. HP: 20/20 MP: 1/1
   136 | D:1      | Reached XP level 2. HP: 27/27 MP: 2/2
   386 | D:1      | Reached XP level 3. HP: 32/33 MP: 3/3
  1155 | D:2      | Found a faded altar of an unknown god.
  1161 | D:2      | Became a worshipper of Sif Muna the Loreminder
  1161 | D:2      | Reached * piety under Sif Muna
  1278 | D:2      | Reached XP level 4. HP: 35/40 MP: 4/4
  1478 | D:2      | Noticed Terence
  1482 | D:2      | Killed Terence
  1483 | D:2      | Reached skill level 3 in Long Blades
  2004 | D:3      | Reached XP level 5. HP: 33/49 MP: 5/5
  2005 | D:3      | Reached ** piety under Sif Muna
  2327 | D:3      | HP: 2/49 [orc/+0 war axe (7)]
  3199 | D:3      | Noticed Sigmund
  3226 | D:3      | Killed Sigmund
  3227 | D:3      | Reached XP level 6. HP: 18/55 MP: 6/6
  5175 | D:3      | Found a basalt altar of Yredelemnul.
  5183 | D:3      | Reached skill level 4 in Long Blades
  5186 | D:3      | Fell from the grace of Sif Muna
  5186 | D:3      | Became a worshipper of Yredelemnul the Dark
  5293 | D:3      | Noticed Ijyb
  5328 | D:3      | Killed Ijyb
  5774 | D:4      | Found a shadowy altar of Dithmenos.
  5787 | D:4      | Noticed Blork the orc
  5812 | D:4      | Killed Blork the orc
  5813 | D:4      | Reached skill level 1 in Evocations
  5813 | D:4      | Gained mutation: You curl defensively after being hit.
                  | [Palentonga growth]
  5813 | D:4      | Reached XP level 7. HP: 6/63 MP: 7/7
  6773 | D:4      | Found a runed translucent door.
  6774 | D:4      | Noticed raceaflais's ghost (amateur MiBe)
  6774 | D:4      | Noticed a yak
  6797 | D:5      | Entered Level 5 of the Dungeon
  8199 | D:5      | Reached skill level 5 in Long Blades
  9212 | D:6      | Reached XP level 8. HP: 52/71 MP: 5/8
  9893 | D:6      | Noticed Edmund
  9908 | D:6      | Killed Edmund
 10360 | D:6      | Found a runed translucent door.
 10361 | D:6      | Noticed Crazy Yiuf
 10370 | D:6      | Killed Crazy Yiuf
 10371 | D:6      | Reached skill level 5 in Armour
 10682 | D:7      | Reached skill level 5 in Fighting
 10682 | D:7      | Reached skill level 6 in Long Blades
 10804 | D:7      | Reached * piety under Yredelemnul
 10810 | D:7      | Reached skill level 1 in Dodging
 12024 | D:7      | Was forgiven by Sif Muna
 12504 | D:7      | Reached XP level 9. HP: 73/79 MP: 9/9
 12867 | D:8      | Reached skill level 7 in Long Blades
 12986 | D:8      | Reached skill level 1 in Stealth
 13722 | D:8      | Reached skill level 5 in Shields
 14409 | D:8      | Reached skill level 8 in Long Blades
 14892 | D:9      | Noticed Maurice
 14921 | D:9      | Killed Maurice
 14921 | D:9      | Reached ** piety under Yredelemnul
 15647 | D:9      | Reached XP level 10. HP: 59/88 MP: 5/10
 16949 | D:9      | Reached skill level 9 in Long Blades
 18654 | D:10     | Entered Level 10 of the Dungeon
 19061 | D:10     | Noticed a two-headed ogre
 19849 | D:9      | HP: 4/89 [yak (7)]
 19849 | D:9      | Slain by a troll

Illustrated notes

Levels and vault maps discovered:
D:1:      dpeg_arrival_subterranean_lakeside_camping, layout_basic
D:2:      minmay_recursive_quarters, layout_basic,
          chequers_ecumenical_altar_simple, uniq_terence
D:3:      layout_loops_ring, yredelemnul_altar_generic, uniq_ijyb, uniq_sigmund
D:4:      layout_loops_ring, temple_doors_e, ebering_ghost_inner_flame,
          nicolae_dithmenos_the_darkroom, uniq_blork_the_orc
D:5:      layout_cave_pods, kennysheep_generic_room_9
D:6:      layout_cave_pods, uniq_crazy_yiuf_cottage, uniq_edmund
D:7:      layout_layer_cave
D:8:      layout_basic
D:9:      minmay_flawed_box, layout_rooms, minivault_4, minmay_strange_pillars,
          uniq_maurice
D:10:     layout_small_grid, minmay_lair_entry_grove, introduction_to_nature_2,
          uniq_urug
D:11:     layout_basic, minmay_misc_feat_plants, lemuel_centaur_altar

Skill      XL: |  1  2  3  4  5  6  7  8  9 10 |
---------------+-------------------------------+-----
Shields        | 3 4 5 6 |  6.0
Long Blades    | 3 4 5 6 8 9 |  9.3
Armour         | 3 4 5 6 7 |  7.9
Fighting       | 4 5 6 |  6.6
Evocations     | 1 |  1.5
Dodging        | 1 2 3 |  3.1
Stealth        | 1 |  1.0
Unarmed Combat | |  0.1

Action                   |  1- 3 |  4- 6 |  7- 9 | 10-12 || total
-------------------------+-------+-------+-------+-------++-------
Melee: Long sword        |   122 |   170 |   438 |   230 ||   960
       Tailslap          |    22 |    15 |    74 |    42 ||   153
       Unarmed           |       |     8 |       |       ||     8
 Abil: Rolling Charge    |    25 |    14 |    22 |     5 ||    66
Evoke: Wand              |       |     3 |     3 |       ||     6
  Use: Potion            |       |    11 |     6 |       ||    17
       Scroll            |       |     2 |     7 |     8 ||    17
Armor: Scale mail        |    39 |       |       |       ||    39
       Plate armour      |    30 |   148 |   119 |       ||   297
       Skin              |       |    13 |    20 |       ||    33
       Ice dragon scales |       |       |   119 |   123 ||   242
Dodge: Dodged            |    26 |    33 |    83 |    75 ||   217
Block: Kite shield       |    61 |   111 |   215 |   114 ||   501
       Rpst.: Long sword |     8 |     8 |    26 |    26 ||    68
